 Dungeon Crawl Stone Soup version 0.31-a0-1009-g454b1f1 (webtiles) character file.

Game seed: 7493837979562761820

11414 NeededCrab the Grappler (level 11, -12/119 HPs)
             Began as an Ogre Shapeshifter on Nov 15, 2023.
             Was a High Priest of Cheibriados.
             Shot with a bolt by a centaur warrior (17 damage)
             ... on level 9 of the Dungeon.
             The game lasted 00:39:30 (10342 turns).

NeededCrab the Grappler (Ogre Shapeshifter)        Turns: 10342, Time: 00:39:31

Health: -12/119    AC:  8    Str: 35    XL:     11   Next: 77%
Magic:  15/15      EV: 15    Int: 32    God:    Cheibriados [*****.]
Gold:   503        SH:  0    Dex: 21    Spells: 10/10 levels left

rFire   . .          .
                       - Unarmed
rCold   . . .        (shield currently unavailable)
rNeg    + . .        u - +1 robe {rN+}
rPois   .            (helmet restricted)
rElec   .            (no cloak)
rCorr   .            (gloves unavailable)
SInv    .            (boots unavailable)
Will    +....        (no amulet)
Stlth   +            a - +6 ring of intelligence
HPRegen 0.39/turn    x - +4 ring of protection
MPRegen 0.14/turn

%: no passive effects
@: flux-form, glowing, very slow
A: glow, contaminating, large, unfitting armour, tough skin 1
a: Begin Untransformation, Renounce Religion, Bend Time, Temporal Distortion,
Slouch, Step From Time


You were on level 9 of the Dungeon.
You worshipped Cheibriados.
Cheibriados was extremely pleased with you.
You were something dangerously unstable.
You visited 2 branches of the dungeon, and saw 10 of its levels.
You also visited: Sewer.

You collected 503 gold pieces.

Inventory:

Missiles
 G - 10 large rocks
Armour
 u - a +1 robe of positive energy (worn)
 D - +0 acid dragon scales
Jewellery
 a - a +6 ring of intelligence (left hand)
 r - a ring of protection from cold
 x - a +4 ring of protection (right hand)
Talismans
 c - a beast talisman
 d - a flux talisman (active)
 A - a talisman of death
Wands
 q - a wand of mindburst (2)
 v - a wand of acid (17)
 E - a wand of roots (8)
Scrolls
 e - 2 scrolls of fear
 i - 2 scrolls of immolation
 j - a scroll of enchant weapon
 k - a scroll of identify
 l - 2 scrolls of blinking
 m - 3 scrolls of teleportation
 p - 2 scrolls of poison
 y - a scroll of fog
 B - a scroll of enchant armour {unknown}
 F - a scroll of vulnerability
Potions
 b - 2 potions of lignification
 f - a potion of curing
 g - 6 potions of enlightenment
 h - 4 potions of brilliance
 n - 2 potions of invisibility
 o - 2 potions of mutation
 s - a potion of resistance
 t - a potion of berserk rage
 w - 2 potions of haste {unknown}
 z - 2 potions of might
 C - a potion of attraction {unknown}
 H - 2 potions of degeneration {unknown}


   Skills:
 + Level 10.7 Fighting
 + Level 7.8 Dodging
 * Level 11.1 Unarmed Combat
 + Level 6.3 Invocations
 + Level 8.1 Shapeshifting


You had 10 spell levels left.
You didn't know any spells.
Your spell library contained the following spells:

 Spells                   Type           Power      Damage    Failure   Level
 Foxfire                  Conj/Fire      0%         2x1d4     9%          1
 Sublimation of Blood     Necr           0%         N/A       13%         2
 Wereblood                Tmut           0%         N/A       13%         2
 Summon Guardian Golem    Hex/Summ       0%         N/A       26%         3
 Volatile Blastmotes      Fire/Tloc      0%         2d10      26%         3
 Fulminant Prism          Conj/Hex       0%         3d5       63%         4
 Iskenderun's Mystic Bla  Conj/Tloc      0%         2d3       63%         4
 Plasma Beam              Fire/Air       0%         2x1d10    100%        6
 Starburst                Conj/Fire      0%         6d3       100%        6
 Orb of Destruction       Conj           0%         9d5       100%        7
 Spellforged Servitor     Conj/Summ      0%         N/A       100%        7
 Summon Hydra             Summ           0%         N/A       100%        7


Dungeon Overview and Level Annotations

Branches:
Dungeon (9/15)             Temple (1/1) D:5           Sewer (visited)
   Lair: D:8-11         Orc: D:9-12

Altars:
Ashenzari
Cheibriados
Dithmenos
Elyvilon
Fedhas
Gozag
Hepliaklqana
Kikubaaqudgha
Makhleb
Nemelex Xobeh
Okawaru
Qazlal
Ru
Trog
Vehumet
Wu Jian
Xom
Yredelemnul
Zin
The Shining One

Shops:
D:1 :


Innate Abilities, Weirdness & Mutations

You are something dangerously unstable.
You glow with magical radiation, making you easy to see and hit.
Foes you strike become dangerously contaminated with magical radiation.
You are incapable of wielding weapons or throwing items.
You are too large for most types of armour.
You have tough skin. (AC +1)


Message History

The howler monkey is almost dead.
The howler monkey hits you.
You punch the howler monkey!
You kill the howler monkey!
Cheibriados thoroughly appreciates the change of pace.
You start resting.
An orc comes into view. It is wielding a +0 trident.
The orc misses you. The orc hits you with a +0 trident.
You see here a howler monkey corpse.
You hit the orc.
The orc begins to glow.
The orc is moderately wounded.
You punch the orc!
You kill the orc!
Cheibriados appreciates the change of pace.
There is a stone staircase leading up here.
You start resting.
An orc priest comes into view. It is wielding a +0 dagger.
You are too injured to fight recklessly!
You are too injured to fight recklessly!
The orc priest shouts!
You see here a howler monkey corpse.
You punch the orc priest!
You kill the orc priest!
Cheibriados appreciates the change of pace.
You see here a +0 dagger.
A centaur warrior is nearby!
The centaur warrior shoots a bolt.
The bolt hits you!!
The centaur warrior shoots a bolt.
The bolt hits you!!!
* * * LOW HITPOINT WARNING * * *
You fail to use your ability.
The centaur warrior shoots a bolt.
The bolt closely misses you.
You fail to use your ability.
You fail to use your ability.
The centaur warrior shoots a bolt.
The bolt hits you!!
* * * LOW HITPOINT WARNING * * *
You fail to use your ability.
The centaur warrior shoots a bolt.
The bolt closely misses you.
You fail to use your ability.
The centaur warrior shoots a bolt.
The bolt hits you!
You die...

#..#.# #..#.# #..).###
#..#...# #...c#.# #.#..#.#
#.#..#.### #. #.#.....<##
###. ##.#.#p.†..#
...##...#..).)..#
...............#####
#....####....>†....#
#..######.....#....# #
#..##..............#
..#####.....###.######...#
........#...# #.# ...#
...........)###.# ...#


You could see a centaur warrior.

Vanquished Creatures
  A hydra (shapeshifter) (D:9)
  2 deep elf pyromancers (D:9)
  A cyclops (D:9)
  2 manticores (D:9)
  Joseph (D:8)
  Maggie (D:8)
  Psyche (D:8)
  2 hornets
  2 slime creatures
  A wyvern (D:8)
  A steam dragon (D:7)
  A vampire mosquito (D:9)
  2 wargs (D:9)
  3 acid dragons
  2 water moccasins
  A black bear (D:7)
  4 orc warriors
  4 sky beasts
  2 ice beasts
  3 ogres (D:6)
  2 centaurs (D:9)
  4 phantoms
  6 kobold brigands
  4 bullfrogs
  A scorpion (D:3)
  3 killer bees (D:9)
  6 howler monkeys
  2 hounds
  6 jellies
  A gnoll bouda (D:7)
  6 orc priests
  3 sleepcaps
  2 iguanas
  4 orc wizards
  A sickly merfolk siren (Sewer)
  A malarious merfolk avatar (Sewer)
  Robin (D:4)
  6 gnolls
  8 adders
  A river rat (Sewer)
  A shadow imp (D:6)
  A white imp (D:7)
  6 ufetubi
  4 worms
  A dart slug (D:4)
  29 orcs
  6 bats
  10 endoplasms
  2 giant cockroaches
  21 goblins
  8 hobgoblins
  7 jackals (D:1)
  23 kobolds
  8 quokkas
  9 ball pythons
  8 frilled lizards
  26 rats
275 creatures vanquished.

Notes
Turn   | Place    | Note
-------+----------+-------------------------------------------
     0 | D:1      | NeededCrab the Ogre Shapeshifter began the quest for the
                  | Orb.
     0 | D:1      | Reached XP level 1. HP: 19/19 MP: 1/1
   221 | D:1      | Reached XP level 2. HP: 24/28 MP: 2/2
   226 | D:1      | Reached skill level 3 in Unarmed Combat
   507 | D:1      | Reached XP level 3. HP: 35/35 MP: 3/3
   550 | D:1      | Found Gomusm's Vocational Training.
  1067 | D:2      | Reached XP level 4. HP: 29/44 MP: 4/4
  1777 | D:3      | Found a snail-covered altar of Cheibriados.
  1790 | D:3      | Became a worshipper of Cheibriados the Contemplative
  1902 | D:3      | Reached XP level 5. HP: 52/52 MP: 5/5
  1912 | D:3      | Found a broken altar of Ashenzari.
  2134 | D:3      | Found a blossoming altar of Fedhas.
  2200 | D:3      | Reached * piety under Cheibriados
  2453 | D:4      | Noticed a phantom
  2523 | D:3      | Reached skill level 4 in Unarmed Combat
  2524 | D:3      | Reached XP level 6. HP: 55/61 MP: 6/6
  2835 | D:4      | Found a glowing drain.
  2849 | Sewer    | Entered a sewer
  2914 | Sewer    | Reached ** piety under Cheibriados
  3108 | Sewer    | Reached *** piety under Cheibriados
  3328 | D:4      | Noticed Robin
  3349 | D:4      | Killed Robin
  3353 | D:4      | Reached XP level 7. HP: 38/70 MP: 7/7
  3505 | D:4      | Reached skill level 5 in Unarmed Combat
  3721 | D:4      | Found an opulent altar of Gozag.
  3728 | D:4      | Found a burning altar of Makhleb.
  3965 | D:5      | Entered Level 5 of the Dungeon
  3965 | D:5      | Found an iron altar of Okawaru.
  4235 | D:5      | Identified the +7 hand axe "Nephisk" {flame, rElec rC-
                  | Stlth+}
  4316 | D:5      | Found a staircase to the Ecumenical Temple.
  4363 | Temple   | Entered the Ecumenical Temple
  4438 | D:5      | Reached **** piety under Cheibriados
  4556 | D:5      | Reached skill level 5 in Fighting
  4556 | D:5      | Reached XP level 8. HP: 80/80 MP: 8/8
  4850 | D:6      | Reached skill level 6 in Unarmed Combat
  5062 | D:6      | Reached skill level 5 in Shapeshifting
  5823 | D:6      | Reached skill level 7 in Unarmed Combat
  5823 | D:6      | Reached XP level 9. HP: 88/92 MP: 9/9
  5840 | D:6      | Found a shadowy altar of Dithmenos.
  6197 | D:6      | Found a white marble altar of Elyvilon.
  6197 | D:6      | Found an ancient bone altar of Kikubaaqudgha.
  6197 | D:6      | Found a burning altar of Makhleb.
  6197 | D:6      | Found a white marble altar of Elyvilon.
  6197 | D:6      | Found a broken altar of Ashenzari.
  6197 | D:6      | Found a sparkling altar of Nemelex Xobeh.
  6206 | D:6      | Reached skill level 5 in Dodging
  6537 | D:7      | Reached ***** piety under Cheibriados
  6798 | D:7      | Found a stormy altar of Qazlal.
  6811 | D:7      | Reached skill level 9 in Unarmed Combat
  6811 | D:7      | Reached XP level 10. HP: 107/107 MP: 9/13
  7084 | D:7      | Reached skill level 10 in Unarmed Combat
  7110 | D:7      | You fall into a shaft and drop 2 floors!
  7645 | D:8      | Found an ancient bone altar of Kikubaaqudgha.
  7799 | D:8      | Noticed Maggie
  7812 | D:8      | Killed Maggie
  7813 | D:8      | Reached skill level 5 in Invocations
  7947 | D:8      | Noticed Psyche
  7955 | D:8      | Killed Psyche
  8146 | D:8      | Noticed Joseph
  8236 | D:7      | Reached XP level 11. HP: 117/117 MP: 14/14
  8617 | D:8      | Killed Joseph
  8931 | D:8      | Reached skill level 10 in Fighting
  8999 | D:9      | Paralysed by a hornet for 3 turns
  9006 | D:9      | HP: 5/117 [poisoned by a hornet]
  9562 | D:9      | Noticed a deep elf pyromancer
  9600 | D:9      | Killed a deep elf pyromancer
  9619 | D:9      | Noticed a deep elf pyromancer
  9630 | D:9      | Killed a deep elf pyromancer
  9665 | D:9      | Noticed a manticore
  9678 | D:9      | Killed a manticore
  9691 | D:9      | Noticed a centaur warrior
  9902 | D:9      | Noticed a manticore
 10005 | D:9      | Killed a manticore
 10089 | D:9      | Noticed a seven-headed hydra
 10105 | D:9      | Killed a seven-headed hydra
 10106 | D:9      | Reached skill level 11 in Unarmed Combat
 10141 | D:9      | Noticed a cyclops
 10150 | D:9      | Killed a cyclops
 10340 | D:9      | HP: 4/119 [centaur warrior/bolt (26)]
 10342 | D:9      | Shot with a bolt by a centaur warrior

Illustrated notes

Levels and vault maps discovered:
D:1:      heliophobic_arrival_dark_side_of_the_moon, layout_rooms,
          nicolae_shop_vocational
D:2:      layout_loops_cross
D:3:      layout_loops_ring, fedhas_altar_2, cheibrodos_ashenzari_chains,
          lemuel_doored_altar, grunt_ministairs_10
D:4:      layout_basic, amethyst_overflow_temple_binary,
          cheibrodos_sewer_entry_bend, uniq_robin
D:5:      layout_basic, amcnicky_altar_gilded, minmay_temple_entry_arrows
D:6:      cheibrodos_fertilizer, layout_basic,
          mainiacjoe_overflow_concentric_impassable
D:7:      layout_loops_ring, nicolae_qazlal_scattered_showers
D:8:      layout_basic, mainiacjoe_overflow_small_starburst,
          minmay_misc_feat_hallway, uniq_maggie, uniq_psyche, uniq_joseph
D:9:      minmay_the_grid_triangle_9x9_rhombus_thin
          [minmay_the_grid_triangle_9x9_limited_checkers,
          minmay_the_grid_triangle_9x9_prize_schism,
          minmay_the_grid_triangle_9x9_odd_lines,
          minmay_the_grid_triangle_9x9_subtriangle], layout_rooms,
          erik_lair_orcish_takeover, enter_bailey_8
Temple:   jpeg_temple_clearing

Skill      XL: |  1  2  3  4  5  6  7  8  9 10 11 |
---------------+----------------------------------+-----
Unarmed Combat | 3 4 5 7 9 10 11 | 11.1
Dodging        | 2 3 4 6 7 |  7.8
Fighting       | 2 3 4 5 6 9 10 | 10.7
Shapeshifting  | 4 5 7 8 |  8.1
Invocations    | 4 5 6 |  6.3

Action                     |  1- 3 |  4- 6 |  7- 9 | 10-12 || total
---------------------------+-------+-------+-------+-------++-------
  Melee: Unarmed           |   126 |    19 |    86 |   277 ||   508
         Punch             |     1 |     5 |     9 |       ||    15
         Dagger            |       |   176 |   126 |       ||   302
 Invoke: Bend Time         |       |       |     3 |       ||     3
         Temporal Distorti |       |       |       |     2 ||     2
         Slouch            |       |       |       |     1 ||     1
Ability: Begin Untransform |     2 |       |       |       ||     2
    Use: Scroll            |       |     7 |     5 |     3 ||    15
         Potion            |       |       |     1 |     1 ||     2
   Stab: Sleeping          |       |     2 |     2 |       ||     4
 Armour: Animal skin       |    69 |    49 |       |       ||   118
         Robe              |       |    75 |   127 |   248 ||   450
  Dodge: Dodged            |    38 |    90 |    87 |   261 ||   476
   Form: Flux              |     2 |       |     1 |     1 ||     4
         Beast             |     2 |       |     1 |       ||     3
                           |     1 |       |       |       ||     1

Table legend: (Time is in decaauts)
 A = Elapsed time spent in this place.
 B = Non-inter-level travel time spent in this place.
 C = Inter-level travel time spent in this place.
 D = Time resting spent in this place.
 E = Time spent auto-exploring this place.
 F = Levels seen in this place.
 G = Mean time per level.
                   A        B        C        D        E       F      G
               +--------+--------+--------+--------+--------+-----+--------+
         Total |  12838 |  12472 |    366 |   3225 |   6150 |  11 | 1167.1 |
       Dungeon |  12294 |  11928 |    366 |   3168 |   6070 |   9 | 1366.0 |
        Temple |      1 |      1 |      0 |      0 |      0 |   1 |    1.0 |
         Sewer |    542 |    542 |      0 |     57 |     79 |   1 |  542.0 |
               +--------+--------+--------+--------+--------+-----+--------+

Top non-repeatable levels by time:
     D:8: 2261 daAuts
     D:6: 2228 daAuts
     D:7: 1541 daAuts
     D:4: 1231 daAuts
     D:9: 1154 daAuts
     D:3: 1149 daAuts
     D:5: 993 daAuts
     D:2: 965 daAuts
     D:1: 769 daAuts
   Sewer: 542 daAuts
  Temple: 1 daAuts
